General information
- name: BNet
- type: Ladder team game (AT/RT)
- host: Battle.net
- saver: lIllIIlIlIlllIl
map: DragonFalls
- players: 8
- length: 35:21
- speed: Fast
- version: 1.26 W3XP
- replay type: Public
» download(243 KB)
Players
team 1 (loser)

»
stapler (
blue | 56 APM | 1974 actions | 35:20)
6 Mountain King
3 Storm Bolt
2 Bash
1 Avatar
5 Paladin
3 Holy Light
2 Devotion Aura
» actions
| Assign group hotkey | 22 | |
| Basic commands | 182 | |
| Build / train | 109 | |
| ESC pressed | 1 | |
| Enter build submenu | 32 | |
| Enter hero's abilities submenu | 11 | |
| Give item / drop item | 3 | |
| Right click | 464 | |
| Select / deselect | 366 | |
| Select group hotkey | 669 | |
| Use ability | 115 | |
1974 total
» units
| Peasant | 19 | |
| Footman | 4 | |
| Gryphon Rider | 9 | |
32 total
» upgrades
| Masonry | 1 | |
| Swords | 3 | |
| Armor | 3 | |
| Lumber Harvesting | 2 | |
| Animal War Training | 1 | |
| Storm Hammers | 1 | |
11 total
» buildings
| Barracks | 1 | |
| Altar of Kings | 1 | |
| Farm | 15 | |
| Lumber Mill | 3 | |
| Town Hall | 1 | |
| Scout Tower | 13 | |
| Arcane Vault | 2 | |
| Blacksmith | 1 | |
| Keep | 2 | |
| Guard Tower | 7 | |
| Castle | 2 | |
| Arcane Tower | 2 | |
| Gryphon Aviary | 5 | |
55 total
» build order
00:22 Barracks
00:38 Altar of Kings
00:53 Farm
01:10 Farm
01:51 Farm
01:56 Farm
02:14 Farm
03:21 Lumber Mill
04:13 Town Hall
05:08 Scout Tower
05:09 Scout Tower
05:18 Arcane Vault
05:20 Blacksmith
05:28 Farm
05:40 Keep
05:45 Guard Tower
05:47 Scout Tower
05:49 Scout Tower
05:50 Scout Tower
05:52 Scout Tower
05:54 Scout Tower
05:56 Scout Tower
05:57 Scout Tower
05:59 Scout Tower
06:34 Guard Tower
06:53 Guard Tower
07:05 Guard Tower
07:09 Arcane Vault
07:12 Scout Tower
07:15 Scout Tower
07:16 Guard Tower
07:37 Guard Tower
08:19 Castle
08:36 Guard Tower
08:39 Scout Tower
08:41 Arcane Tower
08:41 Arcane Tower
09:13 Gryphon Aviary
09:44 Gryphon Aviary
09:47 Gryphon Aviary
09:48 Gryphon Aviary
09:50 Gryphon Aviary
10:06 Farm
10:07 Farm
10:07 Farm
11:11 Lumber Mill
11:29 Farm
11:29 Farm
11:29 Farm
11:30 Farm
11:31 Farm
14:07 Farm
14:32 Lumber Mill
» items
| Boots of Speed | 1 | |
| Circlet of Nobility | 1 | |
| Periapt of Vitality | 3 | |
| Scroll of Regeneration | 4 | |
| Lesser Clarity Potion | 3 | |
| Potion of Healing | 2 | |
| Orb of Fire | 2 | |
| Scroll of Town Portal | 3 | |
| Potion of Mana | 2 | |
21 total

»
RaBaeng (
yellow | 100 APM | 2868 actions | 28:39)
5 Blademaster
3 Wind Walk
2 Critical Strike
2 Shadow Hunter
1 Hex
1 Healing Wave
» actions
| Assign group hotkey | 32 | |
| Basic commands | 481 | |
| Build / train | 73 | |
| Enter build submenu | 17 | |
| Enter hero's abilities submenu | 7 | |
| Give item / drop item | 3 | |
| Right click | 1009 | |
| Select / deselect | 445 | |
| Select group hotkey | 580 | |
| Use ability | 220 | |
2868 total
» units
| Peon | 14 | |
| Grunt | 6 | |
| Spirit Walker | 2 | |
| Raider | 5 | |
| Troll Batrider | 13 | |
40 total
» upgrades
| Berserker Strength | 1 | |
| Spirit Walker Training | 1 | |
| Ensnare | 1 | |
3 total
» buildings
| Altar of Storms | 1 | |
| Orc Burrow | 6 | |
| Barracks | 1 | |
| Voodoo Lounge | 1 | |
| Stronghold | 2 | |
| War Mill | 1 | |
| Spirit Lodge | 1 | |
| Beastiary | 1 | |
| Watch Tower | 5 | |
19 total
» build order
00:09 Altar of Storms
00:13 Orc Burrow
00:53 Barracks
01:30 Orc Burrow
02:01 Voodoo Lounge
03:27 Stronghold
03:27 Stronghold
03:47 Orc Burrow
04:24 War Mill
04:45 Orc Burrow
06:35 Spirit Lodge
07:03 Beastiary
10:58 Watch Tower
11:01 Watch Tower
11:02 Watch Tower
11:03 Watch Tower
11:03 Watch Tower
18:03 Orc Burrow
19:04 Orc Burrow
» items
| Healing Salve | 6 | |
| Lesser Clarity Potion | 2 | |
| Boots of Speed | 1 | |
| Dust of Appearance | 1 | |
| Scroll of Town Portal | 3 | |
13 total
KuKulKan (
orange | 47 APM | 1673 actions | 35:20)
8 Archmage
3 Summon Water Elemental
3 Brilliance Aura
1 Mass Teleport
1 Blizzard
» actions
| Assign group hotkey | 36 | |
| Basic commands | 273 | |
| Build / train | 90 | |
| Enter build submenu | 46 | |
| Enter hero's abilities submenu | 8 | |
| Give item / drop item | 5 | |
| Remove unit from queue | 1 | |
| Right click | 525 | |
| Select / deselect | 450 | |
| Select group hotkey | 122 | |
| Use ability | 117 | |
1673 total
» units
| Peasant | 13 | |
| Footman | 4 | |
| Goblin Shredder | 1 | |
| Gryphon Rider | 2 | |
| Goblin Zeppelin | 2 | |
| Siege Engine | 8 | |
30 total
» upgrades
| Masonry | 2 | |
| Storm Hammers | 1 | |
| Animal War Training | 1 | |
| Swords | 3 | |
| Armor | 3 | |
| Gunpowder | 3 | |
| Plating | 3 | |
| Barrage | 1 | |
17 total
» buildings
| Altar of Kings | 1 | |
| Barracks | 1 | |
| Farm | 5 | |
| Scout Tower | 20 | |
| Lumber Mill | 1 | |
| Arcane Tower | 1 | |
| Keep | 1 | |
| Town Hall | 2 | |
| Arcane Vault | 2 | |
| Castle | 1 | |
| Gryphon Aviary | 4 | |
| Guard Tower | 5 | |
| Blacksmith | 2 | |
| Workshop | 5 | |
51 total
» build order
00:50 Altar of Kings
00:52 Barracks
00:57 Farm
00:59 Farm
01:06 Farm
01:40 Farm
01:56 Scout Tower
02:21 Lumber Mill
03:08 Arcane Tower
04:04 Keep
04:23 Town Hall
04:28 Scout Tower
04:28 Scout Tower
04:28 Scout Tower
04:29 Scout Tower
06:19 Arcane Vault
06:49 Castle
07:20 Gryphon Aviary
07:21 Gryphon Aviary
07:22 Gryphon Aviary
07:22 Gryphon Aviary
07:31 Guard Tower
08:08 Farm
08:11 Blacksmith
08:17 Blacksmith
11:07 Scout Tower
11:07 Scout Tower
11:09 Scout Tower
11:32 Guard Tower
12:24 Scout Tower
12:24 Scout Tower
12:25 Scout Tower
12:26 Scout Tower
12:34 Workshop
12:35 Workshop
12:35 Workshop
12:36 Workshop
12:37 Workshop
12:57 Guard Tower
12:58 Guard Tower
13:20 Arcane Vault
13:27 Scout Tower
13:28 Scout Tower
13:28 Scout Tower
13:28 Scout Tower
13:30 Scout Tower
13:30 Scout Tower
13:31 Scout Tower
13:31 Scout Tower
22:43 Guard Tower
22:50 Town Hall
» items
| Scroll of Regeneration | 4 | |
| Lesser Clarity Potion | 1 | |
| Mechanical Critter | 4 | |
| Scroll of Town Portal | 4 | |
| Periapt of Vitality | 4 | |
| Potion of Lesser Invulnerability | 3 | |
| Potion of Healing | 5 | |
| Staff of Teleportation | 1 | |
26 total
CONDORD (
green | 58 APM | 2019 actions | 34:53)
5 Blademaster
3 Wind Walk
2 Critical Strike
» actions
| Assign group hotkey | 33 | |
| Basic commands | 122 | |
| Build / train | 63 | |
| Enter build submenu | 18 | |
| Enter hero's abilities submenu | 5 | |
| Give item / drop item | 2 | |
| Right click | 816 | |
| Select / deselect | 254 | |
| Select group hotkey | 584 | |
| Use ability | 122 | |
2019 total
» units
| Peon | 7 | |
| Grunt | 3 | |
| Goblin Shredder | 3 | |
| Wind Rider | 10 | |
| Troll Batrider | 9 | |
32 total
» upgrades
| Reinforced Defenses | 1 | |
| Envenomed Spears | 1 | |
| Ranged Weapons | 2 | |
| Armor | 2 | |
| Liquid Fire | 1 | |
7 total
» buildings
| Altar of Storms | 1 | |
| Orc Burrow | 6 | |
| Barracks | 1 | |
| Voodoo Lounge | 1 | |
| Stronghold | 2 | |
| Great Hall | 1 | |
| War Mill | 1 | |
| Fortress | 3 | |
| Watch Tower | 18 | |
| Beastiary | 3 | |
37 total
» build order
00:16 Altar of Storms
00:22 Orc Burrow
00:37 Barracks
01:27 Orc Burrow
02:06 Voodoo Lounge
03:07 Stronghold
03:57 Great Hall
04:18 Orc Burrow
05:38 War Mill
05:58 Fortress
05:59 Fortress
05:59 Fortress
06:59 Watch Tower
06:59 Watch Tower
06:59 Watch Tower
07:00 Watch Tower
07:02 Watch Tower
07:35 Beastiary
07:40 Beastiary
08:07 Watch Tower
08:08 Watch Tower
08:09 Watch Tower
08:21 Watch Tower
08:22 Watch Tower
10:47 Beastiary
10:52 Orc Burrow
10:52 Orc Burrow
10:53 Orc Burrow
14:03 Watch Tower
14:04 Watch Tower
14:04 Watch Tower
15:34 Watch Tower
15:35 Watch Tower
15:35 Watch Tower
15:35 Watch Tower
15:36 Watch Tower
» items
| Healing Salve | 1 | |
| Scroll of Town Portal | 3 | |
| Staff of Teleportation | 1 | |
| Orb of Lightning | 1 | |
| Potion of Mana | 1 | |
| Scroll of Healing | 1 | |
8 total
team 2 (winner)
wheeeeeeeeeeeee (
teal | 98 APM | 2325 actions | 23:45)
4 Archmage
2 Summon Water Elemental
2 Brilliance Aura
» actions
| Assign group hotkey | 82 | |
| Basic commands | 31 | |
| Build / train | 119 | |
| ESC pressed | 15 | |
| Enter build submenu | 22 | |
| Enter hero's abilities submenu | 4 | |
| Right click | 1052 | |
| Select / deselect | 460 | |
| Select group hotkey | 388 | |
| Use ability | 152 | |
2325 total
» units
| Peasant | 11 | |
| Goblin Shredder | 2 | |
| Mortar Team | 11 | |
| Goblin Zeppelin | 5 | |
| Flying Machine | 27 | |
56 total
» upgrades
| Gunpowder | 4 | |
| Lumber Harvesting | 1 | |
| Fragmentation Shards | 1 | |
| Flak Cannons | 1 | |
| Flying Machine Bombs | 1 | |
| Plating | 2 | |
10 total
» buildings
| Lumber Mill | 2 | |
| Farm | 9 | |
| Keep | 4 | |
| Altar of Kings | 3 | |
| Blacksmith | 1 | |
| Castle | 6 | |
| Workshop | 5 | |
30 total
» build order
00:06 Lumber Mill
00:46 Farm
00:51 Farm
01:47 Keep
01:47 Keep
01:48 Keep
01:51 Altar of Kings
02:25 Blacksmith
02:56 Farm
04:09 Castle
04:09 Castle
04:10 Castle
04:10 Castle
04:12 Workshop
04:35 Workshop
05:38 Workshop
05:49 Farm
06:12 Farm
06:31 Lumber Mill
06:44 Farm
06:54 Farm
08:24 Farm
08:25 Farm
13:26 Workshop
13:27 Workshop
18:23 Altar of Kings
20:21 Altar of Kings
» items
| Scroll of Town Portal | 5 | |
| Periapt of Vitality | 3 | |
| Potion of Lesser Invulnerability | 2 | |
10 total

»
Yayme (
pink | 55 APM | 1179 actions | 21:30)
8 Goblin Tinker
3 Pocket Factory
3 Engineering Upgrade
2 Robo-Goblin
» actions
| Assign group hotkey | 26 | |
| Basic commands | 1 | |
| Build / train | 87 | |
| Enter build submenu | 22 | |
| Enter hero's abilities submenu | 7 | |
| Give item / drop item | 1 | |
| Remove unit from queue | 1 | |
| Right click | 403 | |
| Select / deselect | 201 | |
| Select group hotkey | 367 | |
| Use ability | 63 | |
1179 total
» units
| Wisp | 19 | |
| Archer | 10 | |
| Furbolg Shaman | 1 | |
| Goblin Zeppelin | 2 | |
| Goblin Shredder | 1 | |
| Druid of the Talon | 22 | |
| Green Dragon | 1 | |
56 total
» upgrades
| Druid of the Talon Training | 2 | |
| Strength of the Wild | 3 | |
| Well Spring | 1 | |
| Ultravision | 1 | |
| Mark of the Talon | 1 | |
| Reinforced Hides | 2 | |
| Nature's Blessing | 1 | |
11 total
» buildings
| Altar of Elders | 1 | |
| Moon Well | 8 | |
| Ancient of War | 1 | |
| Tree of Life | 1 | |
| Tree of Ages | 1 | |
| Hunter's Hall | 1 | |
| Ancient Protector | 6 | |
| Tree of Eternity | 1 | |
| Ancient of Wind | 3 | |
| Ancient of Wonders | 1 | |
24 total
» build order
00:11 Altar of Elders
00:12 Moon Well
01:08 Ancient of War
01:53 Moon Well
02:50 Moon Well
04:03 Tree of Life
05:13 Tree of Ages
05:17 Moon Well
06:16 Hunter's Hall
07:30 Ancient Protector
07:59 Ancient Protector
08:01 Ancient Protector
08:05 Ancient Protector
08:15 Moon Well
08:32 Tree of Eternity
08:41 Ancient of Wind
08:59 Ancient Protector
09:13 Ancient of Wind
09:20 Moon Well
09:54 Ancient Protector
10:23 Moon Well
11:32 Moon Well
12:28 Ancient of Wonders
12:45 Ancient of Wind
» items
| Boots of Speed | 1 | |
| Staff of Teleportation | 1 | |
| Scroll of Town Portal | 1 | |
| Tome of Retraining | 1 | |
4 total
lIllIIlIlIlllIl (
red | 89 APM | 3141 actions | 35:21)
7 Blademaster
3 Wind Walk
3 Critical Strike
1 Bladestorm
5 Shadow Hunter
2 Hex
3 Healing Wave
1 Tauren Chieftain
1 Endurance Aura
» actions
| Assign group hotkey | 166 | |
| Basic commands | 83 | |
| Build / train | 140 | |
| ESC pressed | 2 | |
| Enter build submenu | 44 | |
| Enter hero's abilities submenu | 14 | |
| Give item / drop item | 2 | |
| Remove unit from queue | 1 | |
| Right click | 1338 | |
| Select / deselect | 409 | |
| Select group hotkey | 713 | |
| Use ability | 229 | |
3141 total
» units
| Peon | 19 | |
| Grunt | 9 | |
| Wind Rider | 17 | |
| Goblin Shredder | 1 | |
46 total
» upgrades
| Berserker Strength | 1 | |
| Armor | 3 | |
| Ranged Weapons | 3 | |
| Spiked Barricades | 3 | |
| Envenomed Spears | 1 | |
| Reinforced Defenses | 1 | |
| Liquid Fire | 1 | |
| Troll Regeneration | 1 | |
| Pillage | 1 | |
15 total
» buildings
| Orc Burrow | 8 | |
| Barracks | 1 | |
| Altar of Storms | 3 | |
| Voodoo Lounge | 3 | |
| Great Hall | 3 | |
| Stronghold | 5 | |
| War Mill | 1 | |
| Watch Tower | 13 | |
| Beastiary | 2 | |
| Fortress | 4 | |
| Altar of Kings | 1 | |
| Farm | 3 | |
47 total
» build order
00:10 Orc Burrow
00:40 Orc Burrow
01:07 Barracks
01:10 Altar of Storms
01:56 Orc Burrow
02:24 Voodoo Lounge
04:31 Great Hall
04:58 Stronghold
04:59 Stronghold
04:59 Stronghold
05:28 War Mill
06:53 Watch Tower
06:53 Watch Tower
07:41 Beastiary
07:43 Beastiary
08:11 Watch Tower
09:23 Orc Burrow
12:39 Orc Burrow
14:56 Fortress
14:56 Fortress
14:57 Fortress
15:41 Watch Tower
15:43 Watch Tower
18:30 Watch Tower
18:31 Watch Tower
18:33 Watch Tower
19:28 Watch Tower
22:37 Great Hall
23:52 Watch Tower
23:53 Watch Tower
23:54 Watch Tower
27:06 Watch Tower
27:24 Altar of Kings
27:26 Farm
27:59 Voodoo Lounge
28:01 Voodoo Lounge
28:17 Farm
28:20 Farm
29:20 Orc Burrow
29:23 Altar of Storms
29:26 Orc Burrow
29:29 Altar of Storms
31:01 Orc Burrow
31:36 Great Hall
» items
| Healing Salve | 2 | |
| Lesser Clarity Potion | 7 | |
| Boots of Speed | 2 | |
| Periapt of Vitality | 4 | |
| Potion of Lesser Invulnerability | 1 | |
| Scroll of Town Portal | 5 | |
| Potion of Healing | 3 | |
| Staff of Teleportation | 1 | |
| Scroll of Healing | 2 | |
| Scroll of Protection | 1 | |
| Orb of Lightning | 2 | |
| Potion of Mana | 1 | |
31 total

»
Freshazimiz (
purple | 35 APM | 763 actions | 21:34)
3 Tauren Chieftain
1 Endurance Aura
1 War Stomp
1 Shockwave
» actions
| Basic commands | 23 | |
| Build / train | 71 | |
| Enter build submenu | 34 | |
| Enter hero's abilities submenu | 3 | |
| Remove unit from queue | 7 | |
| Right click | 310 | |
| Select / deselect | 280 | |
| Use ability | 35 | |
763 total
» units
| Peon | 14 | |
| Troll Headhunter/Berserker | 15 | |
| Tauren | 8 | |
| Shaman | 11 | |
48 total
» upgrades
| Ranged Weapons | 0 | |
| Armor | 2 | |
| Melee Weapons | 2 | |
| Shaman Training | 2 | |
| Pulverize | 1 | |
7 total
» buildings
| Altar of Storms | 1 | |
| Orc Burrow | 8 | |
| Barracks | 1 | |
| War Mill | 1 | |
| Stronghold | 2 | |
| Great Hall | 1 | |
| Watch Tower | 8 | |
| Fortress | 1 | |
| Spirit Lodge | 1 | |
| Voodoo Lounge | 1 | |
| Tauren Totem | 1 | |
26 total
» build order
00:17 Altar of Storms
00:20 Orc Burrow
01:05 Barracks
01:18 War Mill
01:39 Orc Burrow
03:42 Stronghold
03:42 Stronghold
05:45 Great Hall
05:48 Watch Tower
06:51 Fortress
07:56 Spirit Lodge
08:01 Voodoo Lounge
08:12 Watch Tower
09:29 Tauren Totem
12:02 Orc Burrow
12:05 Orc Burrow
12:08 Orc Burrow
12:52 Orc Burrow
13:26 Orc Burrow
14:05 Orc Burrow
14:15 Watch Tower
18:28 Watch Tower
18:32 Watch Tower
18:36 Watch Tower
18:39 Watch Tower
18:45 Watch Tower
Chat log
(01:59 / Allies) Freshazimiz: units>
(02:00 / Allies) Freshazimiz: ?
(02:04 / Allies) wheeeeeeeeeeeee: fast mort
(04:53 / Allies) Freshazimiz: i got tauren / shams
(06:43 / All) KuKulKan: shit
(07:29 / All) lIllIIlIlIlllIl: fucki
(07:36 / All) lIllIIlIlIlllIl: Give me that pendant or I demolish your entire base
(09:35 / All) lIllIIlIlIlllIl: you die now yellow
(09:41 / All) lIllIIlIlIlllIl: if you give pendant I'll lay off
(10:34 / All) KuKulKan: shittet
(12:23 / Allies) wheeeeeeeeeeeee: purple
(12:25 / Allies) wheeeeeeeeeeeee: use or give
(12:41 / Allies) wheeeeeeeeeeeee: u too pink
(12:41 / Allies) wheeeeeeeeeeeee: lol
(12:43 / Allies) wheeeeeeeeeeeee: both 2k
(12:48 / Allies) lIllIIlIlIlllIl: hit
(13:01 / All) lIllIIlIlIlllIl: pendant or you die
(13:14 / Allies) Yayme: wrong one
(14:15 / All) lIllIIlIlIlllIl: pendant
(14:16 / All) lIllIIlIlIlllIl: or you die
(14:32 / All) lIllIIlIlIlllIl: pendant or you lose your whole base
(14:48 / All) lIllIIlIlIlllIl: pendant
(15:50 / All) lIllIIlIlIlllIl: pendant or you die
(16:07 / All) KuKulKan: I thought I got upgrade
(16:33 / All) lIllIIlIlIlllIl: pendant or you lose your base
(16:40 / All) lIllIIlIlIlllIl: gonna leave you with a hall and few peons
(16:44 / All) lIllIIlIlIlllIl: then make an altar, get sh and hand it over
(16:52 / All) lIllIIlIlIlllIl: or you lose that too
(16:57 / All) lIllIIlIlIlllIl: understood yellow?
(17:09 / Allies) lIllIIlIlIlllIl: purple fuck off
(17:11 / Allies) lIllIIlIlIlllIl: Yellow is mine
(17:15 / Allies) lIllIIlIlIlllIl: you die then
(17:24 / Allies) lIllIIlIlIlllIl: retard
(17:30 / Allies) lIllIIlIlIlllIl: go away
(17:33 / Allies) lIllIIlIlIlllIl: stop hitting yellow
(17:53 / Allies) lIllIIlIlIlllIl: retard
(17:58 / Allies) lIllIIlIlIlllIl: now you lose everything too
(18:09 / Allies) Freshazimiz: suck my dick
(18:14 / Allies) lIllIIlIlIlllIl: suck mine dweeb
(18:43 / All) lIllIIlIlIlllIl: Yellow make an altar adn give me your pendant
(19:02 / All) KuKulKan: pink mher?
(19:05 / Allies) lIllIIlIlIlllIl: you lose everything purple
(19:10 / Allies) lIllIIlIlIlllIl: you don't listen to me, you die
(19:22 / Allies) wheeeeeeeeeeeee: red i need help
(19:22 / Allies) wheeeeeeeeeeeee: lol
(19:30 / Allies) lIllIIlIlIlllIl: too bad
(19:34 / Allies) lIllIIlIlIlllIl: purple needs to be shit on
(19:43 / Allies) wheeeeeeeeeeeee: purple
(19:44 / Allies) wheeeeeeeeeeeee: u suck
(19:48 / Allies) lIllIIlIlIlllIl: he does doesn't he?
(19:55 / Allies) lIllIIlIlIlllIl: not sure what he's even done all game
(20:06 / Allies) lIllIIlIlIlllIl: meanwhile I fucked yellow
(20:20 / Allies) lIllIIlIlIlllIl: out purple
(20:21 / Allies) lIllIIlIlIlllIl: time for you to leave
(20:23 / Allies) Freshazimiz: your the reason we lost
(20:25 / Allies) Freshazimiz: idiot
(20:26 / Allies) Freshazimiz: gg
(20:27 / Allies) lIllIIlIlIlllIl: yeah lol ok
(20:31 / Allies) lIllIIlIlIlllIl: I 1v1 raped yellow
(20:34 / Allies) lIllIIlIlIlllIl: what've you done fuckwit?
(20:41 / Allies) Freshazimiz: kill your own ally
(20:46 / Allies) lIllIIlIlIlllIl: yep
(20:49 / Allies) lIllIIlIlIlllIl: because you didn't listen
(20:52 / Allies) lIllIIlIlIlllIl: I wanted my pendant from yellow
(20:55 / Allies) lIllIIlIlIlllIl: but you attacked his base
(20:57 / Allies) lIllIIlIlIlllIl: I told you not to
(20:58 / Allies) Freshazimiz: idc little kid
(21:01 / Allies) lIllIIlIlIlllIl: you didn't listen, now you die
(21:02 / Allies) lIllIIlIlIlllIl: how old are you?
(21:13 / Allies) Freshazimiz: 23
(21:18 / Allies) lIllIIlIlIlllIl: lol
(21:22 / Allies) lIllIIlIlIlllIl: wow real old to be calling others kids
(21:24 / Allies) lIllIIlIlIlllIl: I'm older than you
(21:31 / Allies) Freshazimiz: you act like a kid
(21:37 / Allies) lIllIIlIlIlllIl: you act like you have down's syndrome
(21:47 / All) lIllIIlIlIlllIl: Yellow, pendant now
(21:59 / All) RaBaeng: hehehehe
(22:00 / All) KuKulKan: less than 50 food tanks raping lol
(23:41 / All) stapler: ncie hero cunt
(23:46 / All) lIllIIlIlIlllIl: lol
(24:50 / All) lIllIIlIlIlllIl: nice peasants noob
(25:54 / All) lIllIIlIlIlllIl: tim efor you to die blue
(26:34 / All) KuKulKan: yellow and blue tks
(26:36 / All) lIllIIlIlIlllIl: yellow bm now
(26:42 / All) stapler: owned
(26:48 / All) lIllIIlIlIlllIl: you just got owned
(27:15 / All) lIllIIlIlIlllIl: that's what you get for stealing my item yellow
(27:33 / All) RaBaeng: becuase u r noobs
(27:42 / All) KuKulKan: ttraitor scrub
(27:43 / All) lIllIIlIlIlllIl: who has an army and base? I DO
(27:47 / All) lIllIIlIlIlllIl: who has nothing? YOU
(29:34 / All) CONDORD: fuk u man
(30:12 / All) CONDORD: what does loot mean
(30:26 / All) lIllIIlIlIlllIl: you should know you say you love loot games
(30:27 / All) KuKulKan: it's an ability in dungeons and dragons
(31:18 / All) lIllIIlIlIlllIl: nice everything, blue
(33:06 / All) lIllIIlIlIlllIl: fucking dominated yellow lawl
(33:07 / All) CONDORD: me watch jeopardy
(33:08 / All) KuKulKan: I thought jak was another random player
(33:11 / All) lIllIIlIlIlllIl: that was fun
(33:18 / All) KuKulKan: no wonder he didn't try to kill those creeps I failed at
(33:22 / All) KuKulKan: and listened to me when I said don't lalw
(33:28 / All) CONDORD: i did listen
(33:29 / All) KuKulKan: randoms would have beengreedy
(34:10 / All) KuKulKan: you almost put us in a real tight spot tho going after yellow like that
(34:20 / All) KuKulKan: since teal was a factory noob and pink had mass AA
(34:38 / All) lIllIIlIlIlllIl: it all worked out
(34:49 / All) CONDORD: jeopardy